 Dungeon Crawl Stone Soup version 0.29.0-11-gd7f09526c8 (webtiles) character file.

Game seed: 10936109305997434401

69966 avis the Spry (level 14, -14/65 HPs)
             Began as a Felid Summoner on Sept 4, 2022.
             Was an Initiate of Gozag.
             Demolished by a two-headed ogre
             ... wielding a +0 giant club
              (38 damage)
             ... on level 14 of the Dungeon on Sept 5, 2022.
             The game lasted 07:13:47 (39479 turns).

avis the Spry (Felid Summoner)                     Turns: 39479, Time: 07:13:47

Health: -14/65     AC:  3    Str:  4    XL:     14   Next: 92%
Magic:  31/31      EV: 33    Int: 33    God:    Gozag
Gold:   1164       SH:  0    Dex: 19    Spells: 5/37 levels left
                                        Lives:  0   Deaths: 4

rFire   + . .      SeeInvis +   (weapon unavailable)
rCold   + . .      Faith    .   (shield unavailable)
rNeg    + . .      Spirit   .   (body armour unavailable)
rPois   +          Reflect  .   (helmet unavailable)
rElec   .          Harm     .   (cloak unavailable)
rCorr   +          Rampage  .   (gloves unavailable)
Will    ++...                   (boots unavailable)
Stlth   +++.......              O - amulet "Qiat" {RegenMP rF+ rCorr Int+9 Dex-3}
HPRegen 0.20/turn               H - ring of Muomigal {Wiz rPois}
MPRegen 0.62/turn               J - ring of Attitude {rN+ Dex+5}

@: quick
A: very small, claws 1, fangs 3, see invisible, speed 1, shaggy fur 3, stealthy
paws, no weapons or thrown items, no armour, multi-lived, frail 1
a: Renounce Religion, Potion Petition, Call Merchant, Bribe Branch


You were on level 14 of the Dungeon.
You worshipped Gozag.
Gozag was most pleased with you.
You visited 6 branches of the dungeon, and saw 25 of its levels.

You collected 9361 gold pieces.
You spent 5792 gold pieces at shops.
You paid 2405 gold pieces to Gozag.

Inventory:

Jewellery
 s - a ring of protection from fire
 z - a ring of flight
 C - an amulet of reflection
 E - the ring "Oshropubri" {rPois rC++ rN+ Str-2 Int+4}
   (You bought it in a shop on level 2 of the Orcish Mines)

   [ring of positive energy]

   Str:       It affects your strength (-2).
   Int:       It affects your intelligence (+4).
   rC:        It greatly protects you from cold.
   rPois:     It protects you from poison.
   rN:        It protects you from negative energy.
 F - a +4 ring of protection
 H - the ring of Muomigal (left paw) {Wiz rPois}
   (You bought it in a shop on level 1 of the Lair of Beasts)

   [ring of wizardry]

   It improves your spell success rate.
   rPois:     It protects you from poison.
 I - an amulet of regeneration
 J - the ring of Attitude (right paw) {rN+ Dex+5}
   (You found it on level 3 of the Lair of Beasts)

   [ring of positive energy]

   Dex:       It affects your dexterity (+5).
   rN:        It protects you from negative energy.
 K - a ring of protection from cold
 L - a +4 ring of evasion
 O - the amulet "Qiat" (around neck) {RegenMP rF+ rCorr Int+9 Dex-3}
   (You bought it in a shop on level 2 of the Orcish Mines)

   [amulet of magic regeneration]

   It increases your rate of magic regeneration.
   Int:       It affects your intelligence (+9).
   Dex:       It affects your dexterity (-3).
   rF:        It protects you from fire.
   rCorr:     It protects you from acid and corrosion.
Wands
 g - a wand of digging (4)
 o - a wand of polymorph (3)
 x - a wand of roots (25)
 B - a wand of paralysis (10)
 M - a wand of flame (13)
 N - a wand of quicksilver (4)
 T - a wand of mindburst (12)
Scrolls
 e - 11 scrolls of teleportation
 f - a scroll of blinking
 i - a scroll of summoning
 j - a scroll of enchant weapon
 m - 3 scrolls of silence
 t - 3 scrolls of fog
 w - 4 scrolls of fear
 y - 4 scrolls of magic mapping
 A - 5 scrolls of identify
 D - 4 scrolls of poison
Potions
 a - 4 potions of magic
 b - a potion of degeneration
 c - 6 potions of flight
 d - 6 potions of might
 h - 9 potions of curing
 k - 7 potions of lignification
 l - 7 potions of heal wounds
 n - 5 potions of mutation
 p - 2 potions of resistance
 q - 4 potions of brilliance
 u - 5 potions of haste
 v - a potion of cancellation
 P - a potion of ambrosia
 Q - a potion of invisibility


   Skills:
 - Level 15.0 Fighting
 - Level 19.0 Dodging
 - Level 5.0 Stealth
 - Level 12.0 Spellcasting
 - Level 5.0 Hexes
 - Level 13.0 Summonings
 * Level 7.3 Transmutations
 * Level 9.3 Air Magic


You had 5 spell levels left.
You knew the following spells:

 Your Spells              Type           Power      Damage    Failure   Level
c - Call Imp              Summ           81%        N/A       0%          2
d - Call Canine Familiar  Summ           81%        N/A       1%          3
g - Summon Guardian Gole  Hex/Summ       68%        N/A       1%          3
l - Summon Lightning Spi  Summ/Air       76%        N/A       1%          4
C - Summon Cactus Giant   Summ           40%        N/A       1%          6
H - Summon Hydra          Summ           40%        N/A       4%          7
S - Storm Form            Tmut/Air       32%        N/A       26%         7

Your spell library contained the following spells:

 Spells                   Type           Power      Damage    Failure   Level
 Summon Small Mammal      Summ           100%       N/A       0%          1
 Magic Dart               Conj           76%        1d6       1%          1
 Sting                    Tmut/Pois      100%       1d8       1%          1
 Poisonous Vapours        Pois/Air       100%       N/A       1%          2
 Sublimation of Blood     Necr           19%        N/A       1%          2
 Dazzling Flash           Conj/Hex       72%        N/A       1%          3
 Inner Flame              Hex/Fire       36%        N/A       1%          3
 Mephitic Cloud           Conj/Pois/Air  40%        N/A       1%          3
 Cause Fear               Hex            25%        N/A       1%          4
 Silence                  Hex/Air        30%        N/A       1%          5
 Petrify                  Tmut/Erth      43%        N/A       2%          4
 Leda's Liquefaction      Hex/Erth       18%        N/A       3%          4
 Irradiate                Conj/Tmut      21%        3d18      6%          5
 Olgreb's Toxic Radiance  Pois           19%        N/A       9%          4
 Agony                    Necr           19%        N/A       26%         5
 Lee's Rapid Deconstruct  Erth           9%         3d8*      26%         5
 Summon Horrible Things   Summ           40%        N/A       28%         8
 Statue Form              Tmut/Erth      28%        N/A       32%         6
 Malign Gateway           Summ/Tloc      29%        N/A       45%         7
 Maxwell's Capacitive Co  Air            34%        ∞         75%         8
 Discord                  Hex            25%        N/A       99%         8
 Portal Projectile        Hex/Tloc       Unusable   N/A       N/A         3

Dungeon Overview and Level Annotations

Branches:
Dungeon (15/15)            Temple (1/1) D:4            Lair (5/5) D:9
 Shoals (0/4) Lair:2        Snake (1/4) Lair:2        Slime (1/5) Lair:4
    Orc (2/2) D:11            Elf (0/3) Orc:2        Vaults (0/5) D:14
 Depths: D:15

Altars:
Ashenzari
Cheibriados
Dithmenos
Elyvilon
Fedhas
Gozag
Hepliaklqana
Kikubaaqudgha
Makhleb
Nemelex Xobeh
Okawaru
Qazlal
Ru
Sif Muna
Trog
Uskayaw
Vehumet
Wu Jian
Xom
Yredelemnul
Zin
The Shining One

Shops:
D:1 (   D:7 :   Orc:2 :=?*:(!   Lair:1 =   Lair:3 ?   Lair:5 :   Snake:1 ?*[(


Innate Abilities, Weirdness & Mutations

You have sharp claws.
You have razor-sharp teeth.
You have supernaturally acute eyesight. (SInv)
You cover ground quickly. (Speed+)
Your thick and shaggy fur keeps you warm. (AC +3, rC+)
Your paws help you pounce on unaware monsters.
You are incapable of wielding weapons or throwing items.
You cannot wear armour.
You gain extra lives every three experience levels.
You are frail. (-10% HP)


Message History

The two-headed ogre is struck by your cactus giant's spines.
The two-headed ogre hits your cactus giant with a +0 giant club!!
The two-headed ogre hits your cactus giant with a +0 dire flail!!
The two-headed ogre is struck by your cactus giant's spines.
The two-headed ogre hits your cactus giant with a +0 giant club!!!
The two-headed ogre hits your cactus giant with a +0 dire flail.
Your cactus giant hits the two-headed ogre with a +0 giant spiked club!!
The two-headed ogre is struck by your cactus giant's spines.
The two-headed ogre dies!
You swap places.
There is a stone staircase leading down, spattered with blood here.
You now have 1164 gold pieces (gained 12).
Things that are here:
a +0 giant club; a +0 dire flail You start resting.
Magic restored.
You start resting.
Your cactus giant disappears in a puff of smoke!
HP restored.
There is a stone staircase leading down, spattered with blood here.
You climb downwards.
The ogre shouts!
You hear an angry buzzing noise.
The white ugly thing completely misses you.
The two-headed ogre completely misses you. x4
The ogre mage casts a spell.
The ogre mage flickers and vanishes for a moment.
The white ugly thing tentacle-slaps you!
The white ugly thing freezes you! You resist.
There is a stone staircase leading up, spattered with blood here.
The two-headed ogre completely misses you. x2
The ogre completely misses you.
The two-headed ogre completely misses you. x4
The white ugly thing tentacle-slaps you!
The white ugly thing freezes you. You resist.
You climb upwards.
There is a stone staircase leading down, spattered with blood here.
The two-headed ogre hits you with a +0 giant club!!!
Ouch! That really hurt!
You die...
Your body crumbles into a pile of gold.

#.......................
#.................######
#.##########......#∩#.#.
#.................##.#.#
#.................#.#.#.
#..............#####p#.#
#..............# #.#§#.
#..............#####.#.#
#.....O@O.....<...#.#.#.
#......>..........##.#.#
#.....OuO.........######
#.......................
#.......................
#.......................
#.......................
#..............#########
#..............#########


You could see a white ugly thing, 3 two-headed ogres and an ogre.

Vanquished Creatures
  A dream sheep (Lair:4)
  A howler monkey (D:14)
  An orc (D:5)
  An endoplasm (D:1)
  A giant cockroach (D:1)
  A goblin (D:1)
  3 quokkas
  3 ball pythons
  2 frilled lizards (D:1)
14 creatures vanquished.

Vanquished Creatures (collateral kills)
  Jorgrun (D:12)
  A slime creature (D:12)
  Louise (D:15)
  5 boulder beetles
  Erica (Lair:1)
  A vault guard (D:14)
  5 hydras
  3 two-headed ogres
  2 naga warriors (Snake:1)
  2 catoblepae (D:13)
  A death knight (D:14)
  A death yak (Lair:3)
  7 centaur warriors
  Urug (Lair:1)
  An orc high priest (Orc:2)
  A deep troll earth mage (D:13)
  A shock serpent (Snake:1)
  Nergalle (Lair:1)
  A skeletal warrior (D:11)
  4 orc knights
  A deep elf pyromancer (D:15)
  A mana viper (Snake:1)
  7 orc sorcerers
  2 cyclopes
  12 ugly things
  2 salamanders (Snake:1)
  4 manticores
  6 elephants
  A salamander (shapeshifter) (D:13)
  12 black mambas
  A guardian serpent (Snake:1)
  3 naga magi (Snake:1)
  Maggie (D:8)
  2 efreet
  A rime drake (Lair:2)
  A cane toad (Lair:5)
  3 kobold demonologists
  Psyche (D:8)
  5 gargoyles
  A freezing wraith (D:13)
  A torpor snail (Lair:5)
  5 komodo dragons
  5 trolls
  2 hornets (Lair:5)
  6 blink frogs
  Grinder (D:3)
  3 tyrant leeches (Lair:5)
  4 dream sheep (Lair:4)
  A jumping spider (shapeshifter) (D:13)
  Sigmund (D:3)
  A shadow (D:12)
  5 wyverns
  A wraith (D:12)
  14 yaks
  2 vampires
  2 nameless horrors
  A steam dragon (D:6)
  A basilisk (D:14)
  A redback (Lair:5)
  6 nagas (Snake:1)
  9 vampire mosquitoes
  7 wargs
  20 water moccasins
  20 orc warriors
  A meliai simulacrum (D:11)
  6 ogres
  A boggart (D:13)
  3 wolves
  2 centaurs
  A phantom (D:6)
  5 kobold brigands
  13 bullfrogs
  A gnoll sergeant (D:12)
  2 scorpions
  3 killer bees
  6 howler monkeys
  2 hounds (D:6)
  3 jellies
  17 orc priests
  Jessica (D:3)
  2 iguanas
  15 orc wizards
  7 gnolls
  10 adders
  A shadow imp (D:7)
  2 white imps
  4 ufetubi
  A worm (D:5)
  52 orcs
  5 endoplasms
  3 giant cockroaches
  9 goblins
  7 hobgoblins
  16 kobolds
  7 ball pythons
  A bat (D:2)
  A frilled lizard (D:2)
  2 rats
439 creatures vanquished.

Vanquished Creatures (others)
  An ice dragon (Lair:5)
  4 two-headed ogres
  4 boulder beetles
  4 hydras
  19 death yaks
  2 orc high priests (Orc:2)
  A naga warrior (Snake:1)
  Amaemon (D:8)
  A lindwurm (Lair:5)
  Pikel (D:5)
  A mana viper (Snake:1)
  3 orc knights
  A wolf spider (Lair:5)
  2 ugly things (D:11)
  A cyclops (D:11)
  12 elephants
  A guardian serpent (Lair:5)
  9 black mambas
  18 cane toads
  An orange demon (D:8)
  4 torpor snails (Lair:5)
  6 komodo dragons
  A kobold demonologist (D:11)
  A rime drake (Lair:5)
  A yaktaur (D:11)
  A troll (D:10)
  A polar bear (Lair:5)
  A tyrant leech (Lair:5)
  7 hornets (Lair:5)
  2 blink frogs
  A shadow (D:10)
  A wraith (D:10)
  12 wyverns
  31 yaks
  12 water moccasins
  5 orc warriors
  A black bear (D:6)
  An ogre (D:5)
  11 wolves
  11 centaurs
  A kobold brigand (D:9)
  A lemure (D:5)
  4 bullfrogs
  A scorpion (D:7)
  3 wights (D:10)
  5 killer bees (D:9)
  2 gnoll boudas
  3 iguanas
  3 orc wizards
  A mummy (D:9)
  11 gnolls
  5 orcs
  67 fungi
  107 plants
412 creatures vanquished.

Grand Total: 865 creatures vanquished

Notes
Turn   | Place    | Note
-------+----------+-------------------------------------------
     0 | D:1      | avis the Felid Summoner began the quest for the Orb.
     0 | D:1      | Reached XP level 1. HP: 7/7 MP: 4/4
    78 | D:1      | Found a faded altar of an unknown god.
   219 | D:1      | Found Rubuel's Weapon Shoppe.
   385 | D:1      | Reached XP level 2. HP: 12/12 MP: 3/6
   388 | D:1      | Learned a level 2 spell: Call Imp
  1106 | D:2      | Reached skill level 1 in Fighting
  1425 | D:2      | Reached XP level 3. HP: 15/15 MP: 4/8
  1429 | D:2      | Learned a level 3 spell: Call Canine Familiar
  2126 | D:3      | Noticed Sigmund
  2238 | D:3      | Killed Sigmund
  2239 | D:3      | Reached skill level 5 in Summonings
  2239 | D:3      | Reached XP level 4. HP: 19/19 MP: 1/11
  2239 | D:3      | Reached XP level 5. HP: 22/22 MP: 1/12
  2243 | D:3      | Learned a level 3 spell: Summon Guardian Golem
  2248 | D:3      | Learned a level 4 spell: Summon Lightning Spire
  2424 | D:3      | Noticed Jessica
  2432 | D:3      | Killed Jessica
  2433 | D:3      | Reached skill level 1 in Hexes
  2722 | D:3      | Gained mutation: You are covered in thick fur. (AC +2)
                  | [Felid growth]
  2722 | D:3      | Reached XP level 6. HP: 25/25 MP: 13/13
  2881 | D:3      | Noticed Grinder
  2964 | D:3      | Killed Grinder
  3150 | D:3      | Found a white marble altar of Elyvilon.
  3313 | D:3      | Reached XP level 7. HP: 20/28 MP: 6/15
  3996 | D:4      | Found a staircase to the Ecumenical Temple.
  4017 | Temple   | Entered the Ecumenical Temple
  4029 | Temple   | Became a worshipper of Gozag Ym Sagoz the Greedy
  4463 | D:5      | Entered Level 5 of the Dungeon
  4507 | D:5      | Reached skill level 5 in Spellcasting
  4519 | D:5      | Noticed Pikel
  4534 | D:5      | Killed Pikel
  4535 | D:5      | Reached XP level 8. HP: 32/32 MP: 13/17
  4649 | D:5      | Reached skill level 5 in Hexes
  4825 | D:5      | Found a sacrificial altar of Ru.
  5006 | D:5      | Reached skill level 3 in Dodging
  6861 | D:6      | Reached skill level 4 in Dodging
  6988 | D:6      | Reached skill level 5 in Air Magic
  7394 | D:6      | Shot with an arrow by a centaur
  7395 | D:6      | Reached XP level 7. HP: 0/30 MP: 12/16
  7554 | D:6      | Reached XP level 8. HP: 34/34 MP: 13/18
  7863 | D:6      | Killed from afar by a steam dragon
  7864 | D:6      | Reached XP level 7. HP: -6/30 MP: 13/17
  8091 | D:6      | Killed a steam dragon
  8092 | D:6      | Reached skill level 5 in Dodging
  8715 | D:7      | Reached XP level 8. HP: 22/34 MP: 15/18
  9250 | D:7      | Found Jijech Aqosh's Self-Improvement Boutique.
  9353 | D:7      | Identified the +7 morningstar of Imminent Death {venom,
                  | Dex+5}
  9620 | D:7      | Found a glowing golden altar of the Shining One.
  9620 | D:7      | Found an ancient bone altar of Kikubaaqudgha.
  9628 | D:7      | Found a burning altar of Makhleb.
  9630 | D:7      | Found a broken altar of Ashenzari.
  9632 | D:7      | Found a radiant altar of Vehumet.
 10199 | D:8      | Noticed Psyche
 10245 | D:8      | Killed Psyche
 10246 | D:8      | Reached skill level 6 in Dodging
 10367 | D:8      | Noticed Maggie
 10384 | D:8      | Killed Maggie
 10385 | D:8      | Reached XP level 9. HP: 8/39 MP: 3/20
 10935 | D:8      | Noticed Amaemon
 11130 | D:8      | Noticed an orange demon
 11144 | D:8      | Killed an orange demon
 11144 | D:8      | Killed Amaemon
 11145 | D:8      | Reached skill level 7 in Dodging
 11852 | D:9      | Reached skill level 5 in Fighting
 11949 | D:9      | Reached XP level 10. HP: 44/44 MP: 16/22
 12271 | D:9      | Found a snail-covered altar of Cheibriados.
 12605 | D:9      | Reached skill level 8 in Dodging
 12651 | D:9      | Found a staircase to the Lair.
 13342 | Lair:1   | Entered Level 1 of the Lair of Beasts
 13618 | Lair:1   | Noticed a cane toad
 13624 | Lair:1   | Killed a cane toad
 13636 | Lair:1   | Noticed a cane toad
 13654 | Lair:1   | Killed a cane toad
 13724 | Lair:1   | Noticed an eight-headed hydra
 13756 | Lair:1   | Killed an eight-headed hydra
 13957 | Lair:1   | Noticed a five-headed hydra
 13970 | Lair:1   | Killed a five-headed hydra
 13971 | Lair:1   | Reached skill level 9 in Dodging
 14062 | Lair:1   | Noticed Nergalle
 14087 | Lair:1   | Killed Nergalle
 14088 | Lair:1   | Reached XP level 11. HP: 42/49 MP: 12/24
 14097 | Lair:1   | Noticed Erica
 14125 | Lair:1   | Killed Erica
 14446 | Lair:1   | Noticed Urug
 14460 | Lair:1   | Killed Urug
 14472 | Lair:1   | Reached skill level 10 in Dodging
 14612 | Lair:1   | Identified the +1 falchion "Okkiteot" {flame, Fragile rPois
                  | rC+}
 15074 | Lair:1   | Bought the ring of Muomigal {Wiz rPois} for 700 gold pieces
 15296 | Lair:2   | Reached skill level 10 in Spellcasting
 15446 | Lair:2   | Found a staircase to the Shoals.
 15461 | Lair:2   | Noticed an eight-headed hydra
 15480 | Lair:2   | Killed an eight-headed hydra
 15481 | Lair:2   | Reached skill level 10 in Summonings
 15491 | Lair:2   | Reached skill level 11 in Dodging
 15674 | Lair:2   | Gained mutation: Your thick and shaggy fur keeps you warm.
                  | (AC +3, rC+) [Felid growth]
 15674 | Lair:2   | Reached XP level 12. HP: 55/55 MP: 14/27
 15957 | Lair:2   | Reached skill level 12 in Dodging
 16186 | Lair:2   | Found a staircase to the Snake Pit.
 16218 | Lair:2   | Found a shimmering altar of Xom.
 17001 | Lair:3   | Identified the ring of Attitude {rN+ Dex+5}
 17454 | Lair:3   | Noticed a death yak
 17455 | Lair:3   | Noticed a death yak
 17461 | Lair:3   | Noticed a death yak
 17463 | Lair:3   | Noticed a death yak
 17471 | Lair:3   | Noticed a death yak
 17482 | Lair:3   | Killed a death yak
 17490 | Lair:3   | Reached skill level 13 in Dodging
 17494 | Lair:3   | Killed a death yak
 17499 | Lair:3   | Killed a death yak
 17633 | Lair:3   | Killed a death yak
 17634 | Lair:3   | Reached skill level 10 in Fighting
 17685 | Lair:3   | Killed a death yak
 18189 | Lair:3   | Bought a scroll of identify for 36 gold pieces
 18189 | Lair:3   | Bought a scroll of magic mapping for 135 gold pieces
 18189 | Lair:3   | Bought a scroll of noise for 18 gold pieces
 18189 | Lair:3   | Bought a scroll of poison for 72 gold pieces
 18189 | Lair:3   | Bought a scroll of enchant armour for 135 gold pieces
 18189 | Lair:3   | Bought a scroll of enchant weapon for 135 gold pieces
 18202 | Lair:4   | Noticed a death yak
 18202 | Lair:4   | Noticed a death yak
 18225 | Lair:4   | Noticed a death yak
 18225 | Lair:4   | Noticed a death yak
 18225 | Lair:4   | Noticed a death yak
 18225 | Lair:4   | Noticed a death yak
 18291 | Lair:4   | Noticed a death yak
 18322 | Lair:4   | Found a staircase to the Slime Pits.
 18366 | Lair:3   | Killed a death yak
 18388 | Lair:3   | Killed a death yak
 18389 | Lair:3   | Reached XP level 13. HP: 45/62 MP: 22/29
 18885 | Lair:3   | Reached skill level 14 in Dodging
 20760 | Lair:5   | Entered Level 5 of the Lair of Beasts
 20791 | Slime:1  | Entered Level 1 of the Pits of Slime
 20791 | Slime:1  | Noticed an azure jelly
 21012 | Lair:4   | Reached skill level 15 in Dodging
 23085 | Lair:4   | Reached skill level 16 in Dodging
 23357 | Lair:5   | Reached XP level 14. HP: 53/69 MP: 23/31
 24173 | Lair:5   | Reached skill level 17 in Dodging
 25019 | Lair:5   | Identified the +7 long sword of Fixation {vamp, rElec rCorr
                  | Int+4}
 25229 | Lair:5   | Found a runed translucent door.
 25814 | Lair:3   | Bought a scroll of acquirement for 936 gold pieces
 25815 | Lair:3   | Acquired Dispater's Atlas of Convocation
 25824 | Lair:3   | Learned a level 6 spell: Summon Cactus Giant
 25914 | D:10     | Entered Level 10 of the Dungeon
 25915 | D:10     | Identified the +2 hat of Impatience {+Blink Int+3}
 27821 | D:11     | Found a sparkling altar of Nemelex Xobeh.
 28208 | D:11     | Reached skill level 18 in Dodging
 28764 | D:11     | Found a staircase to the Orcish Mines.
 28889 | D:11     | You fall into a shaft and drop 3 floors!
 28974 | D:14     | Reached skill level 5 in Stealth
 29000 | D:14     | Reached XP level 15. HP: 75/75 MP: 25/32
 29064 | D:14     | Found a blossoming altar of Fedhas.
 29304 | D:13     | Noticed Jorgrun
 29328 | D:13     | Shot with an arrow by a centaur warrior
 29329 | D:13     | Reached XP level 14. HP: 0/72 MP: 24/31
 30212 | Orc:1    | Entered Level 1 of the Orcish Mines
 30515 | Orc:2    | Entered Level 2 of the Orcish Mines
 30707 | Orc:2    | Found Luhofibe's Magic Scroll Emporium.
 31826 | Orc:2    | Found Athrisch's Book Shoppe.
 31857 | Orc:2    | Found a staircase to the Elven Halls.
 31889 | Orc:2    | Bought a Grand Grimoire for 374 gold pieces
 32125 | Orc:2    | Found Etsuas's Jewellery Shop.
 32379 | Orc:2    | Gained mutation: You are frail. (-10% HP) [a neqoxec]
 32698 | Orc:2    | Shot with a bolt by an orc knight
 32699 | Orc:2    | Reached XP level 13. HP: -13/61 MP: 9/30
 32706 | Orc:2    | Learned a level 6 spell: Statue Form
 32971 | Orc:2    | Reached skill level 19 in Dodging
 32978 | Orc:2    | Reached skill level 1 in Transmutations
 33001 | Orc:2    | Found Emuiriy's General Store.
 33005 | Orc:2    | Found Necw's Antique Weapon Shop.
 33013 | Orc:2    | Found Jatit's Distillery.
 33073 | Orc:2    | Found Sesihihu's Book Shoppe.
 33100 | Orc:2    | Bought a book of the Sky for 616 gold pieces
 33108 | Orc:2    | Learned a level 7 spell: Storm Form
 33117 | Orc:2    | Learned a level 7 spell: Summon Hydra
 33157 | Orc:2    | Bought a scroll of amnesia for 52 gold pieces
 33157 | Orc:2    | Bought a scroll of teleportation for 39 gold pieces
 33157 | Orc:2    | Bought a scroll of teleportation for 39 gold pieces
 33157 | Orc:2    | Bought a scroll of fear for 52 gold pieces
 33157 | Orc:2    | Bought a scroll of fog for 52 gold pieces
 33207 | Orc:2    | Bought the ring "Oshropubri" {rPois rC++ rN+ Str-2 Int+4}
                  | for 899 gold pieces
 33207 | Orc:2    | Bought the amulet "Qiat" {RegenMP rF+ rCorr Int+9 Dex-3}
                  | for 1057 gold pieces
 33271 | Orc:2    | Bought a scroll of magic mapping for 127 gold pieces
 33271 | Orc:2    | Bought a potion of ambrosia for 136 gold pieces
 33281 | Orc:2    | Bought a potion of invisibility for 112 gold pieces
 33281 | Orc:2    | Bought a potion of heal wounds for 70 gold pieces
 34515 | D:12     | Killed Jorgrun
 34724 | D:13     | Reached skill level 15 in Fighting
 34724 | D:13     | Reached XP level 14. HP: 15/65 MP: 27/31
 34730 | D:13     | HP: 3/65 [something/blast of calcifying dust (6)]
 36442 | Snake:1  | Entered Level 1 of the Snake Pit
 36681 | Snake:1  | Reached skill level 5 in Transmutations
 37229 | Snake:1  | Found Jinlioh's Magic Scroll Emporium.
 37264 | Snake:1  | Found Zaps's Assorted Antiques.
 37266 | Snake:1  | Found Ytohem's Armour Emporium.
 37281 | Snake:1  | Found Pocias's Weapon Shoppe.
 38698 | D:14     | Found a gate to the Vaults.
 39228 | D:15     | Entered Level 15 of the Dungeon
 39228 | D:15     | Noticed Louise
 39236 | D:15     | Killed Louise
 39479 | D:14     | Demolished by a two-headed ogre

Illustrated notes

Levels and vault maps discovered:
D:1:      ncdulo_smallfort, layout_loops_ring, serial_shops,
          nicolae_shop_hallway_plus, ebering_ecumenical_altar_sacrificial
D:2:      layout_basic, minmay_hedge_maze, kennysheep_another_room,
          guppyfry_early_orc_mine
D:3:      layout_rooms, old_standard_altar, minmay_snake_closets, uniq_jessica,
          uniq_sigmund, uniq_grinder
D:4:      layout_loops_cross, minmay_temple_entry_stoned_glass, st_stairs_10,
          minmay_liquid_box, nrook_uturn
D:5:      layout_gridville, nicolae_ru_sacrificial_ziggurat, uniq_pikel
D:6:      layout_loops_ring, minmay_misc_feat_plants, st_stairs_11
D:7:      layout_loops_corners, chequers_temple_overflow_minitemple,
          hangedman_decor_clover_reticule, minivault_10, nicolae_shop_self_help
D:8:      layout_basic, hangedman_abyss_or_decor_clamps, uniq_amaemon,
          uniq_maggie, uniq_psyche
D:9:      layout_basic, slow_altar_1, lair_entry_dummy,
          chequers_serial_rivers_small_a, lemuel_another_geyser
D:10:     layout_loops_corners, serial_aquarium, aquarium_bridge_straight
          [aquarium_subvault_bridge, aquarium_subvault_wall,
          aquarium_subvault_bridge, aquarium_subvault_window],
          aquarium_window_1, aquarium_window_fake, aquarium_view_2d,
          aquarium_view_2d, minmay_misc_feat_cross
D:11:     minmay_the_grid_4x2 [minmay_the_grid_rooms, minmay_the_grid_odd_star,
          minmay_the_grid_embedded, minmay_the_grid_minigrid_small_alt,
          minmay_the_grid_expand, minmay_the_grid_zigzag_pyramid,
          minmay_the_grid_outer_circle, minmay_the_grid_prize_big_room],
          layout_rooms, orc_0_dummy, nemelex_xobeh_ov_fountains_minmay
D:12:     layout_loops_ring
D:13:     nzn_winding_woodlands_three_and_one [nzn_winding_woodlands_5x15_eye,
          nzn_winding_woodlands_5x15_crooked,
          nzn_winding_woodlands_5x15_pockets,
          nzn_winding_woodlands_center_diamonds], layout_stronghold,
          kennysheep_generic_room_3, uniq_jorgrun
D:14:     layout_long_grid, david_vaults_5, fedhas_altar_4
D:15:     grunt_enter_depths_magical_seal, layout_cave_pools, uniq_louise
Temple:   eino_temple_water
Lair:1:   layout_roguey, columned_hall_lemuel, beast_lair_carwin_5, uniq_erica,
          uniq_nergalle, uniq_urug
Lair:2:   layout_gridlike, elwin_shoals_entry_rocks,
          minmay_snake_entry_six_corridors, basic_altar, lemuel_fruit_tree,
          serial_bayou_shore_b
Lair:3:   layout_roguey
Lair:4:   layout_misc_corridors, slime_entry_1
Lair:5:   wormcave, layout_regular_city, hangedman_lair_tendril_chambers
Snake:1:  layout_cave_pods, serial_shops, shop, minmay_shop_star
Slime:1:  layout_caves
Orc:1:    layout_diamond_mine
Orc:2:    st_orc_elflike, layout_caves, serial_shops, shop,
          nicolae_shop_waterfront, shop

Skill      XL: |  1  2  3  4  5  6  7  8  9 10 11 12 13 14 |
---------------+-------------------------------------------+-----
Fighting       | 1 3 4 5 6 8 10 15 14 | 15.0
Spellcasting   | 4 6 7 8 10 11 12 | 12.0
Summonings     | 5 7 8 9 10 13 | 13.0
Hexes          | 1 3 4 5 |  5.0
Air Magic      | 2 4 6 7 9 |  9.3
Dodging        | 5 6 7 9 11 13 19 18 | 19.0
Stealth        | 5 |  5.0
Transmutations | 2 7 |  7.3

Action                   |  1- 3 |  4- 6 |  7- 9 | 10-12 | 13-15 || total
-------------------------+-------+-------+-------+-------+-------++-------
Melee: Unarmed           |    27 |     2 |    15 |    13 |    48 ||   105
       Punch             |     1 |       |       |       |     1 ||     2
       Bite              |       |       |     4 |     2 |    10 ||    16
 Cast: Summon Small Mamm |    44 |     5 |    12 |    19 |     6 ||    86
       Call Imp          |    20 |     8 |    39 |    20 |    38 ||   125
       Call Canine Famil |     7 |     7 |    53 |    36 |    69 ||   172
       Summon Guardian G |       |     3 |    44 |    82 |   196 ||   325
       Summon Lightning  |       |       |     8 |    16 |    40 ||    64
       Summon Cactus Gia |       |       |       |       |   113 ||   113
       Summon Hydra      |       |       |       |       |    25 ||    25
Invok: Call Merchant     |       |       |       |     2 |     1 ||     3
  Use: Scroll            |       |     3 |     5 |    12 |    12 ||    32
       Potion            |       |       |     4 |     3 |     2 ||     9
 Stab: Sleeping          |     4 |       |     1 |       |     1 ||     6
       Distracted        |       |       |       |       |     3 ||     3
Armor: Skin              |     3 |     2 |     6 |     8 |    32 ||    51
Dodge: Dodged            |    21 |    10 |    82 |    90 |   488 ||   691
Block: Other             |       |       |       |    18 |    89 ||   107
       Reflection        |       |       |       |     2 |     5 ||     7
